Map: Cyber Forest LE

Players

Shino

  • Race: Zerg Zerg
  • League: Grandmaster
  • Spawn Location: 5:00

Lambo - Winner!

  • Race: Zerg Zerg
  • League: Grandmaster
  • Spawn Location: 11:00

VOD

Have the link to the VOD?

Description

Time

  • Played on: Feb. 9, 2019, 6:54 a.m.
  • Length: 11:52
Show
View Real Time Build Order
Export as new Build Order

Shino Zerg 

Build Orders: Pool First 

Get SALT Encoding   

  12  0:00  Drone  
  13  0:14  Overlord  
  13  0:18  Drone  
  14  0:32  Drone  
  14  0:33  Drone  
  16  0:37  Drone  
  17  0:46  Spawning Pool  
  16  0:51  Drone  
  17  1:12  Hatchery  
  17  1:15  Drone  
  17  1:31  Extractor  
  16  1:33  Zergling x6  
  16  1:36  Queen  
  21  1:44  Zergling x2  
  22  1:55  Overlord  
  22  2:09  Zergling x2  
  22  2:15  Queen  
  20  2:17  Drone  
  23  2:26  Drone  
  23  2:28  Drone  
  25  2:32  Metabolic Boost  
  25  2:38  Drone x2  
  27  2:45  Drone x2  
  27  2:49  Overlord  
  29  2:52  Overlord  
  29  3:09  Drone x4  
  33  3:15  Drone  
  33  3:19  Drone x3  
  37  3:29  Hatchery  
  36  3:37  Evolution Chamber, Drone  
  36  3:42  Drone x3  
  36  3:44  Drone  
  40  3:50  Drone  
  40  3:51  Overlord  
  41  3:56  Overlord  
  41  3:57  Overlord  
  41  4:02  Drone  
  42  4:03  Zerg Missile Weapons Level 1  
  42  4:10  Roach Warren  
  42  4:12  Extractor  
  42  4:13  Drone x2  
  42  4:15  Extractor  
  41  4:18  Drone x3  
  41  4:20  Drone  
  45  4:26  Drone x2  
  45  4:29  Lair  
  46  4:41  Queen  
  46  4:42  Drone  
  46  4:45  Drone  
  50  4:49  Overlord  
  50  4:50  Drone x4  
  50  4:52  Drone  
  55  4:53  Drone  
  57  5:00  Drone x4  
  60  5:08  Drone x3  
  60  5:13  Roach  
  65  5:16  Roach x2  
  65  5:19  Roach  
  65  5:20  Roach x2  
  75  5:24  Roach x2  
  75  5:28  Extractor, Overlord  
  79  5:29  Roach  
  79  5:32  Glial Reconstitution  
  80  5:38  Roach  
  80  5:39  Drone  
  80  5:40  Overlord  
  82  5:43  Evolution Chamber  
  82  5:46  Overseer, Pneumatized Carapace  
  82  5:48  Overlord  
  81  5:51  Roach x3  
  81  5:52  Overlord  
  87  5:58  Roach, Overlord  
  87  6:00  Drone x2  
  87  6:01  Roach  
  93  6:05  Roach x2  
  97  6:17  Extractor  
  96  6:26  Zerg Ground Armor Level 1  
  96  6:30  Roach  
  96  6:31  Roach  
  96  6:32  Overlord  
  100  6:33  Zerg Missile Weapons Level 2  
  100  6:35  Drone x3  
  100  6:36  Overlord  
  100  6:37  Roach x3  
  109  6:42  Roach x2  
  109  6:46  Roach x2  
  117  6:50  Overseer  
  117  6:52  Drone  
  118  6:54  Roach x2  
  118  6:59  Roach  
  118  7:00  Roach  
  126  7:03  Overlord  
  126  7:04  Roach, Overlord  
  126  7:05  Roach x2  
  126  7:08  Drone  
  133  7:10  Roach x2  
  133  7:11  Overlord  
  137  7:17  Extractor, Drone  
  137  7:18  Drone  
  137  7:19  Overlord x2  
  138  7:25  Roach  
  138  7:27  Roach  
  142  7:31  Roach x2  
  142  7:35  Hatchery  
  145  7:40  Drone x3  
  145  7:41  Overlord  
  145  7:43  Roach x4  
  156  7:48  Roach  
  156  7:49  Roach x2  
  162  7:58  Roach x4  
  170  8:02  Roach  
  172  8:07  Roach x2  
  172  8:08  Roach x2  
  172  8:10  Overlord  
  172  8:12  Roach  
  182  8:13  Roach  
  182  8:15  Roach  
  186  8:23  Zerg Ground Armor Level 2  
  186  8:36  Ravager x5  
  186  8:40  Roach  
  193  8:41  Overlord  
  193  8:42  Overlord  
  193  8:49  Overseer  
  193  8:51  Tunneling Claws, Burrow  
  173  9:12  Roach x17  
  166  9:20  Roach x2  
  166  9:21  Roach x4  
  172  9:25  Roach x3  
  172  9:27  Roach  
  172  9:30  Roach x3  
  186  9:38  Roach x2  
  186  9:39  Roach x2  
  186  9:42  Spine Crawler  
  186  9:43  Overseer  
  191  9:47  Overseer  
  191  9:50  Spine Crawler  
  192  9:52  Roach  
  192  9:53  Roach x3  
  192  9:55  Roach  
  192  9:57  Spine Crawler  
  199  10:07  Overseer  
  192  10:19  Queen  
  148  10:31  Roach x16  
  148  10:34  Overseer  
  149  10:40  Overseer  
  117  10:52  Roach  
  117  10:56  Roach x6  
  117  10:57  Roach  
  131  10:58  Roach x3  
  131  11:00  Roach  
  139  11:06  Ravager x3  
  139  11:09  Drone x4  
  146  11:13  Roach x2  
  140  11:22  Ravager x4  
  140  11:23  Roach x2  
  140  11:24  Roach  
  113  11:41  Roach Warren  
Show
View Real Time Build Order
Export as new Build Order

Lambo Zerg - Winner!

Build Orders: Pool First 

Get SALT Encoding   

  12  0:18  Spawning Pool  
  11  0:22  Drone  
  11  0:25  Drone  
  13  0:30  Drone  
  14  0:40  Overlord  
  14  1:05  Zergling x6  
  17  1:16  Zergling x2  
  18  1:19  Hatchery  
  17  1:29  Queen  
  19  1:33  Zergling x2  
  19  1:39  Drone  
  21  1:49  Overlord  
  21  1:59  Drone  
  21  2:11  Drone  
  21  2:13  Queen  
  23  2:25  Drone  
  23  2:31  Drone x2  
  23  2:34  Queen  
  27  2:42  Drone  
  28  2:44  Drone x3  
  28  2:46  Overlord  
  31  2:52  Drone  
  34  3:06  Drone x3  
  37  3:15  Extractor  
  37  3:16  Extractor, Drone  
  36  3:20  Drone  
  36  3:24  Drone x2  
  36  3:25  Drone  
  36  3:26  Drone  
  41  3:30  Drone  
  40  3:34  Evolution Chamber  
  40  3:36  Drone  
  40  3:40  Drone  
  41  3:45  Drone  
  41  3:48  Overlord  
  41  3:50  Drone x3, Roach Warren  
  43  3:56  Extractor  
  43  4:00  Evolution Chamber  
  41  4:05  Zerg Missile Weapons Level 1  
  41  4:06  Drone x2  
  41  4:07  Drone  
  41  4:09  Drone  
  45  4:11  Drone x2  
  45  4:12  Drone  
  45  4:13  Drone x2  
  50  4:22  Overlord  
  50  4:26  Lair  
  50  4:42  Drone, Hatchery  
  50  4:45  Roach x4, Extractor  
  57  4:51  Drone x2  
  59  4:54  Overlord  
  59  4:58  Overlord  
  59  5:06  Overlord  
  59  5:09  Overlord  
  59  5:15  Drone x2  
  59  5:16  Drone x3  
  59  5:17  Drone x2  
  59  5:19  Drone  
  59  5:20  Zerg Ground Armor Level 1  
  66  5:27  Glial Reconstitution  
  66  5:29  Overseer  
  66  5:30  Roach x2  
  70  5:39  Roach x4  
  78  5:46  Overlord  
  78  5:52  Roach  
  78  5:53  Roach x2  
  84  5:57  Drone x2  
  84  6:01  Zerg Missile Weapons Level 2  
  86  6:06  Drone x2  
  86  6:07  Drone x5  
  86  6:08  Overseer  
  86  6:10  Extractor  
  92  6:12  Roach x2  
  92  6:16  Pneumatized Carapace  
  92  6:17  Overlord  
  96  6:25  Roach x3  
  102  6:26  Overlord  
  102  6:35  Roach  
  102  6:36  Roach x3  
  102  6:39  Overlord  
  110  6:44  Roach x2  
  114  6:49  Overlord  
  114  6:51  Overlord  
  114  6:52  Roach  
  114  6:53  Roach x3  
  122  7:02  Overlord  
  122  7:05  Roach x4  
  122  7:08  Ravager, Overlord  
  131  7:10  Ravager  
  131  7:15  Roach x6  
  144  7:17  Ravager  
  144  7:20  Overlord  
  145  7:28  Extractor  
  146  7:30  Drone x3  
  146  7:31  Overlord  
  146  7:33  Ravager x2  
  146  7:35  Roach x5  
  159  7:44  Overlord  
  159  7:48  Tunneling Claws  
  159  7:49  Burrow  
  159  7:51  Drone  
  160  7:55  Drone  
  160  7:57  Roach x3  
  167  8:01  Hatchery  
  166  8:06  Roach x4  
  166  8:07  Ravager x2  
  176  8:15  Roach x4  
  176  8:18  Overlord  
  184  8:25  Ravager x2  
  186  8:30  Overlord  
  186  8:36  Roach x4  
  194  8:44  Overlord  
  194  8:46  Zerg Ground Armor Level 2  
  194  8:47  Overlord  
  194  8:58  Roach  
  194  8:59  Roach x2  
  200  9:08  Roach x20  
  182  9:12  Roach x12  
  182  9:13  Roach x18  
  182  9:15  Roach x2  
  182  9:19  Roach x5  
  182  9:21  Roach  
  184  9:25  Roach x7  
  184  9:26  Roach x3  
  184  9:31  Queen, Roach x7  
  192  9:41  Roach x10  
  200  10:21  Roach x2  
  200  10:25  Roach x9  
  200  10:28  Roach x2  
  200  10:30  Roach x3  
  200  10:31  Roach  
  200  10:32  Roach  
  200  10:33  Roach x7  
  190  10:36  Roach x15  
  190  10:39  Roach x4  
  190  10:41  Roach x3  
  178  10:44  Roach x3  
  178  10:45  Roach x25  
  178  10:48  Roach x5  
  184  10:50  Roach  
  184  10:53  Roach  
  184  10:56  Overseer  
  188  10:59  Roach x3  
  188  11:01  Ravager x3  
  188  11:02  Ravager x3  
  200  11:05  Roach x5  
  200  11:25  Roach x9  
  200  11:31  Roach x2  
Tags
 
Add a new tag
Caveats
  • Supply blocks, unpowered buildings, or Contaminate may cause inaccurate times.
  • Supply counts are checked every 10 seconds.